 Dungeon Crawl Stone Soup version 0.31-a0-1626-g5cb510d322 (webtiles) character file.

Game seed: 5041954617666484844

199802 Dirtsage the Metamorph (level 18, -4/170 HPs)
             Began as an Octopode Shapeshifter on Jan 12, 2024.
             Was an Initiate of Gozag.
             Slain by an eight-headed hydra (11 damage)
             ... on level 4 of the Swamp.
             The game lasted 02:02:56 (38479 turns).

Dirtsage the Metamorph (Octopode Shapeshifter)     Turns: 38479, Time: 02:02:56

Health: -4/170     AC: 33    Str: 17    XL:     18   Next: 49%
Magic:  23/33      EV: 26    Int: 13    God:    Gozag
Gold:   5083       SH:  0    Dex: 19    Spells: 12/25 levels left

rFire   + .          .
                       - Unarmed
rCold   + . .        (no shield)
rNeg    + . .        K - +2 hat {Stlth+}
rPois   ∞            p - dreamdust necklace {Acrobat}
rElec   +            I - ring of protection from cold
rCorr   +            k - +5 ring of evasion
SInv    +            C - ring of resist corrosion
Will    +....        J - ring of the Firefly {^Drain rF+ MP+9 Str+2}
Stlth   ++++++++     Y - +4 ring of slaying
HPRegen 0.48/turn    S - ring of see invisible
MPRegen 0.23/turn    W - ring of wizardry
                     V - ring of Sif Muna's Reproof {AC+4 Str+2}

%: acrobat, wizardry (x1)
@: statue-form, gold aura, spewing sludge, very slow
A: slow and powerful, torment resistance 1, boosted hp, almost no armour,
amphibious, 8 rings, camouflage 1, (gelatinous body 1), nimble swimmer 1,
tentacles
}: 1/15 runes: gossamer
a: Begin Untransformation, Renounce Religion, Potion Petition, Call Merchant,
Bribe Branch


You were on level 4 of the Swamp.
You worshipped Gozag.
Gozag was greatly pleased with you.
You were a living statue of rough stone.
You visited 6 branches of the dungeon, and saw 27 of its levels.
You also visited: Gauntlet and Ice Cave.

You collected 10920 gold pieces.
You spent 2755 gold pieces at shops.
You paid 3082 gold pieces to Gozag.

Inventory:

Missiles
 y - 7 curare-tipped darts (quivered)
Armour
 K - a +2 hat of stealth (worn)
Jewellery
 j - an amulet of reflection
 k - a +5 ring of evasion (right tentacle)
 m - a ring of ice
 o - an amulet of guardian spirit
 p - the dreamdust necklace (around mantle) {Acrobat}
   (You found it on level 1 of the Lair of Beasts)

   [amulet of the acrobat]

   Acrobat:   It increases your evasion while moving and waiting.
 x - the ring "Kideheca" {rF- Str+4 Int+6 Dex+3}
   (You took it off a minotaur in a Gauntlet)

   [ring of intelligence]

   Str+4:     It affects your strength (+4).
   Int+6:     It affects your intelligence (+6).
   Dex+3:     It affects your dexterity (+3).
   rF-:       It makes you vulnerable to fire.
 A - a ring of fire
 C - a ring of resist corrosion (on tentacle)
 F - a ring of protection from fire
 I - a ring of protection from cold (left tentacle)
 J - the ring of the Firefly (on tentacle) {^Drain rF+ MP+9 Str+2}
   (You found it in an ice cave)

   [ring of magical power]

   Str+2:     It affects your strength (+2).
   rF+:       It protects you from fire.
   MP+9:      It affects your magic capacity (+9).
   ^Drain:    It drains your maximum health when unequipped.
 R - a ring of willpower
 S - a ring of see invisible (on tentacle)
 V - the ring of Sif Muna's Reproof (on tentacle) {AC+4 Str+2}
   (You found it in a Gauntlet)

   [ring of protection]

   AC+4:      It affects your AC (+4).
   Str+2:     It affects your strength (+2).
 W - a ring of wizardry (on tentacle)
 Y - a +4 ring of slaying (on tentacle)
Talismans
 M - a granite talisman (active)
 N - the serpent talisman of Lesser Demons {rF- Will+ Int+2}
   (You took it off Aizul on level 3 of the Spider Nest)

   [serpent talisman]

   Int+2:     It affects your intelligence (+2).
   rF-:       It makes you vulnerable to fire.
   Will+:     It increases your willpower.
 X - a serpent talisman
Wands
 D - a wand of digging (5)
Scrolls
 c - 2 scrolls of summoning
 g - 3 scrolls of fear
 i - 10 scrolls of identify
 r - 3 scrolls of vulnerability
 s - a scroll of noise
 t - a scroll of teleportation
 u - a scroll of enchant armour
 w - 7 scrolls of amnesia
 B - a scroll of blinking
 L - 5 scrolls of immolation
 O - 5 scrolls of revelation
 Q - 2 scrolls of fog
 U - 2 scrolls of poison
Potions
 a - 4 potions of lignification
 b - 5 potions of ambrosia
 d - 6 potions of might
 f - 5 potions of brilliance
 h - 4 potions of haste
 l - 6 potions of heal wounds
 n - 2 potions of resistance
 q - 4 potions of curing
 v - 7 potions of mutation
 z - 5 potions of enlightenment
 G - 5 potions of cancellation
 P - 3 potions of attraction
 T - 2 potions of magic
 Z - 2 potions of berserk rage
Miscellaneous
 e - a phial of floods
 E - a phantom mirror
 H - a tin of tremorstones (2/2)


   Skills:
 + Level 14.1 Fighting
 + Level 13.4 Dodging
 - Level 10.0 Stealth
 + Level 16.4 Unarmed Combat
 + Level 4.1 Spellcasting
 + Level 2.5 Translocations
 - Level 8.1 Ice Magic
 - Level 3.0 Air Magic
 + Level 11.2 Alchemy
 + Level 16.5 Shapeshifting


You had 12 spell levels left.
You knew the following spells:

 Your Spells              Type           Power      Damage    Failure   Level
a - Leda's Liquefaction   Alch/Erth      8%         N/A       9%          4
c - Eringya's Noxious Bo  Alch           15%        4d6       12%         6
A - Ozocubu's Armour      Ice            23%        N/A       1%          3

Your spell library contained the following spells:

 Spells                   Type           Power      Damage    Failure   Level
 Sting                    Conj/Alch      68%        1d7       1%          1
 Frozen Ramparts          Ice            46%        1d7       1%          3
 Apportation              Tloc           18%        N/A       2%          1
 Alistair's Intoxication  Alch           20%        N/A       2%          5
 Mephitic Cloud           Conj/Alch/Air  15%        N/A       3%          3
 Blink                    Tloc           18%        N/A       4%          2
 Lesser Beckoning         Tloc           18%        N/A       4%          2
 Hailstorm                Conj/Ice       13%        3d6       4%          3
 Summon Ice Beast         Ice/Summ       13%        N/A       4%          3
 Momentum Strike          Conj/Tloc      12%        3d8       8%          2
 Foxfire                  Conj/Fire      8%         2x1d4     9%          1
 Necrotise                Necr           8%         1d4       9%          1
 Summon Small Mammal      Summ           8%         N/A       9%          1
 Petrify                  Alch/Erth      17%        N/A       9%          4
 Sticky Flame             Fire/Alch      17%        2d5       9%          4
 Call Canine Familiar     Summ           2%         N/A       24%         3
 Dazzling Flash           Conj/Hex       4%         N/A       24%         3
 Fugue of the Fallen      Necr           2%         N/A       24%         3
 Inner Flame              Hex/Fire       2%         N/A       24%         3
 Sigil of Binding         Hex            2%         N/A       24%         3
 Sculpt Simulacrum        Ice/Alch       13%        N/A       24%         6
 Manifold Assault         Tloc           9%         N/A       26%         4
 Metabolic Englaciation   Hex/Ice        6%         N/A       38%         5
 Dimensional Bullseye     Hex/Tloc       3%         N/A       43%         4
 Flame Wave               Conj/Fire      2%         2d4       58%         4
 Silence                  Hex/Air        3%         N/A       73%         5
 Borgnjor's Vile Clutch   Necr/Erth      1%         N/A       89%         5
 Curse of Agony           Necr           2%         N/A       89%         5
 Plasma Beam              Fire/Air       3%         2x1d13    99%         6
 Starburst                Conj/Fire      1%         6d3       100%        6


Dungeon Overview and Level Annotations

Branches:
Dungeon (11/15)            Temple (1/1) D:6            Lair (5/5) D:11
  Swamp (4/4) Lair:2       Spider (4/4) Lair:2        Slime (0/5) Lair:4
    Orc (2/2) D:11            Elf (0/3) Orc:2         IceCv (visited)
Gauntlet (visited)

Altars:
Ashenzari
Cheibriados
Dithmenos
Elyvilon
Fedhas
Gozag
Hepliaklqana
Kikubaaqudgha
Makhleb
Nemelex Xobeh
Okawaru
Qazlal
Ru
Sif Muna
Trog
Uskayaw
Vehumet
Wu Jian
Xom
Yredelemnul
Zin
The Shining One
Jiyva

Shops:
D:3 !*=:(   D:9 *   D:10 *   Orc:2 (:[**

Portals:
Abyss: Lair:1

Annotations:
D:5 1 runed translucent door, Watball's ghost, novice TrFi
D:8 1 runed translucent door, MrCrawl's ghost, novice DrFE
Lair:4 exclusion: 6 oklob plants
Spider:1 1 runed translucent door, Hun Mipn's ghost, adept DERe; Nikola
Spider:4 2 transporters, jt's ghost, journeyman MiAl


Innate Abilities, Weirdness & Mutations

You are a living statue of rough stone.
Your actions are slow, but your melee attacks are powerful.
You are resistant to unholy torment.
Your maximum health is greatly increased.
You cannot wear most types of armour.
You are amphibious.
You can wear up to eight rings at the same time.
You are immune to poison.
Your skin changes colour to match your surroundings (Stealth+).
((Your rubbery body absorbs attacks. (AC +1, EV +1)))
You are camouflaged when in or above water. (Stealth+)
You have tentacles for arms and can constrict up to eight enemies at once.


Message History

The thorn hunter completely misses you. The thorn hunter closely misses you.
The eight-headed hydra festers in the toxic bog!
The eight-headed hydra looks as sick as possible!
The eight-headed hydra bites you but does no damage.
The eight-headed hydra closely misses you.
The eight-headed hydra misses you.
The eight-headed hydra barely misses you.
The eight-headed hydra bites you!
The eight-headed hydra closely misses you.
The eight-headed hydra misses you.
The eight-headed hydra closely misses you.
You take 43 damage, and have 57/170 hp.
MASSIVE DAMAGE!!
You now have 23/33 mp.
You barely miss the eight-headed hydra. You squeeze the eight-headed hydra!
The eight-headed hydra is moderately wounded.
The thorn hunter festers in the toxic bog!
The thorn hunter looks as sick as possible!
The thorn hunter hits you!
* * * LOW HITPOINT WARNING * * *
The thorn hunter barely misses you.
The eight-headed hydra festers in the toxic bog!
The eight-headed hydra looks as sick as possible!
The eight-headed hydra misses you.
The eight-headed hydra barely misses you.
The eight-headed hydra bites you but does no damage. x2
The eight-headed hydra misses you.
The eight-headed hydra closely misses you.
The eight-headed hydra completely misses you. x2
You take 10 damage, and have 47/170 hp.
Your unstable footing causes you to fumble your attack.
The thorn hunter festers in the toxic bog.
The thorn hunter looks as sick as possible!
The thorn hunter fires a volley of thorns at you.
The volley of thorns hits you!!!
* * * LOW HITPOINT WARNING * * *
The eight-headed hydra festers in the toxic bog!
The eight-headed hydra looks as sick as possible!
The eight-headed hydra bites you but does no damage. x2
The eight-headed hydra misses you. x2; The eight-headed hydra bites you!
You die...
Your body crumbles into a pile of gold.

##.♣♣♣♣♣ ~..!§..... #
..~♣§.♣♣♣...~~.~ ##.
~....~♣♣...~.~
###..♣♣♣~♣.§~.....♣ .
#.....~.~~♣.♣♣.♣.~♣~~n.
......~$~$)......~~...~
♣....~~~$~~~~~♣♣.♣~~..
♣♣♣§..~~~Df~$~~♣ ♣ .
♣..♣..~8$~§~.♣
♣♣~♣♣♣~$~~..♣♣ ♣
♣♣<..♣♣♣ ♣~♣♣♣ ♣♣♣


You could see a thorn hunter (extremely poisoned) and an eight-headed hydra
(extremely poisoned).

Vanquished Creatures
  Arachne (Spider:4)
  Jorgrun (Spider:2)
  Mlioglotl (Swamp:1)
  Gastronok (D:8)
  Kirke (Lair:4)
  Aizul (Spider:3)
  A fenstrider witch (Swamp:3)
  Roxanne (Swamp:1)
  6 emperor scorpions
  8 ghost moths
  The ghost of Gonzollydolly the Purveyor of Pain, a journeyman DsNe of Kikubaaqudgha (Orc:2)
  An orc warlord (Orc:2)
  3 broodmothers
  5 eleionomae
  A minotaur (Gauntlet)
  5 spark wasps
  8 bunyips
  The ghost of Pi314 the Arsonist, a journeyman HOFE of Vehumet (Lair:1)
  An ettin (Orc:2)
  A shambling mangrove (Swamp:1)
  6 entropy weavers
  2 ghost crabs
  6 hydras
  Harold (Lair:2)
  3 jorogumos
  An alligator (Swamp:1)
  2 ironbound frosthearts (IceCv)
  4 boulder beetles
  A radroach (Spider:1)
  2 two-headed ogres
  6 death yaks (IceCv)
  5 demonic crawlers
  Nergalle (Lair:2)
  Sonja (Lair:3)
  4 orc high priests
  A wretched star (Gauntlet)
  A skeletal warrior (D:11)
  A fire crab (Gauntlet)
  3 skysharks
  3 spriggan druids
  9 orb spiders
  3 pharaoh ants
  A swamp dragon (Swamp:3)
  6 goliath frogs
  2 sun moths
  2 bog bodies
  3 orc knights
  3 orc sorcerers (Orc:2)
  27 wolf spiders
  5 steelbarb worms
  3 oklob plants
  A will-o-the-wisp (Swamp:3)
  2 moths of wrath
  Maurice (D:9)
  A cyclops (D:9)
  A manticore (D:11)
  42 elephants
  A kobold blastminer (Orc:1)
  An ice statue (IceCv)
  5 black mambas
  10 torpor snails
  10 cane toads
  11 komodo dragons
  7 rime drakes
  Jeremiah (Lair:1)
  A large abomination (Lair:1)
  An unseen horror (D:11)
  Psyche (D:8)
  2 hellwings (Lair:1)
  19 polar bears
  10 tyrant leeches
  22 tarantellas
  19 hornets
  12 blink frogs
  8 dream sheep (Lair:5)
  A raiju (Lair:1)
  26 jumping spiders
  Sigmund (D:2)
  20 spriggans
  15 culicivoras
  2 shadows
  50 yaks
  4 wyverns
  2 basilisks
  4 hogs (Lair:4)
  A wraith (D:8)
  49 redbacks
  3 steam dragons
  A neqoxec (Gauntlet)
  2 fire bats (Gauntlet)
  Grum (D:8)
  A warg (Orc:1)
  A vampire mosquito (D:9)
  Edmund (D:5)
  18 swamp worms
  Menkaure (D:6)
  2 acid dragons (D:9)
  4 swamp drakes
  20 water moccasins
  2 spectral trolls (Orc:2)
  35 orc warriors
  Duvessa (D:7)
  2 small abominations (Gauntlet)
  6 boggarts
  4 ogres
  9 black bears
  53 wolves
  3 centaurs
  4 kobold brigands
  4 phantoms
  A spectral warg (Orc:2)
  A gnoll sergeant (D:8)
  13 bullfrogs
  2 scorpions
  11 wights
  Dowan (D:7)
  A spectral ogre (Orc:2)
  3 howler monkeys
  3 electric eels
  4 bombardier beetles
  3 centaur zombies (D:7)
  2 jellies
  19 orc priests
  6 hounds
  A gnoll bouda (D:7)
  3 iguanas
  Terence (D:2)
  2 sleepcaps
  38 orc wizards
  A killer bee zombie (D:7)
  2 ogre zombies (D:7)
  4 hound zombies (D:7)
  4 howler monkey zombies (D:7)
  2 spectral orcs (Orc:2)
  13 gnolls
  An ogre simulacrum (Orc:2)
  6 adders
  A white imp (D:7)
  An orc simulacrum (Orc:2)
  5 ufetubi
  An adder zombie (D:7)
  3 dart slugs
  A ribbon worm (D:2)
  80 orcs
  6 endoplasms
  2 giant cockroaches
  5 goblins
  6 hobgoblins
  6 jackals
  2 quokkas
  4 ball pythons
  8 bats
  4 frilled lizards (D:1)
  19 kobolds
  9 rats
1020 creatures vanquished.

Vanquished Creatures (collateral kills)
  A tengu warrior (D:11)
  An orc (D:11)
2 creatures vanquished.

Vanquished Creatures (others)
  A bunyip (Swamp:4)
  A bloated husk (Swamp:3)
  2 humans (Lair:4)
4 creatures vanquished.

Grand Total: 1026 creatures vanquished

Notes
Turn   | Place    | Note
-------+----------+-------------------------------------------
     0 | D:1      | Dirtsage the Octopode Shapeshifter began the quest for the
                  | Orb.
     0 | D:1      | Reached XP level 1. HP: 13/13 MP: 1/1
   139 | D:1      | Reached XP level 2. HP: 11/18 MP: 2/2
   364 | D:1      | Found a faded altar of an unknown god.
   623 | D:2      | Reached XP level 3. HP: 23/23 MP: 3/3
   662 | D:2      | Noticed Sigmund
   678 | D:3      | Found Zeankic's Jewellery Shop.
   785 | D:3      | Found a broken altar of Ashenzari.
   919 | D:2      | Killed Sigmund
   920 | D:2      | Reached XP level 4. HP: 25/30 MP: 4/4
   920 | D:2      | Reached XP level 5. HP: 29/35 MP: 5/5
  1119 | D:2      | Reached XP level 6. HP: 41/41 MP: 6/6
  1431 | D:2      | Noticed Terence
  1444 | D:2      | Killed Terence
  1633 | D:3      | Found Juokk's Assorted Antiques.
  1699 | D:3      | Found Bire's Distillery.
  1737 | D:3      | Bought a potion of heal wounds for 50 gold pieces
  1737 | D:3      | Bought a potion of lignification for 30 gold pieces
  1868 | D:3      | Found Teacseops's Antique Weapon Boutique.
  1984 | D:3      | Found Eclaqi's Book Shop.
  2187 | D:4      | Reached skill level 5 in Shapeshifting
  2187 | D:4      | Reached XP level 7. HP: 46/46 MP: 7/7
  2791 | D:4      | Found an iron altar of Okawaru.
  2791 | D:4      | Found an ornate altar of the Wu Jian Council.
  2791 | D:4      | Found a sacrificial altar of Ru.
  2964 | D:5      | Entered Level 5 of the Dungeon
  3208 | D:5      | Reached XP level 8. HP: 54/54 MP: 8/8
  3239 | D:5      | Reached skill level 5 in Unarmed Combat
  3500 | D:5      | Found a runed translucent door.
  3574 | D:5      | Noticed Watball's ghost (novice TrFi)
  3587 | D:5      | Noticed Edmund
  3597 | D:5      | Killed Edmund
  4102 | D:6      | Reached skill level 5 in Dodging
  4228 | D:6      | Reached XP level 9. HP: 54/60 MP: 9/9
  4293 | D:6      | Reached skill level 5 in Fighting
  4420 | D:6      | Noticed Menkaure
  4423 | D:6      | Killed Menkaure
  4475 | D:6      | Found a staircase to the Ecumenical Temple.
  5179 | Temple   | Entered the Ecumenical Temple
  5190 | Temple   | Became a worshipper of Gozag Ym Sagoz the Greedy
  5367 | D:7      | Found a hide-covered altar of Uskayaw.
  5490 | D:7      | Found an ancient bone altar of Kikubaaqudgha.
  5597 | D:7      | Noticed Duvessa
  5610 | D:7      | Killed Duvessa
  5624 | D:7      | Noticed Dowan
  5648 | D:7      | Killed Dowan
  5966 | D:7      | Found a large runed translucent door.
  5966 | D:7      | Found a large runed translucent door.
  5967 | D:7      | Found a shimmering altar of Xom.
  5967 | D:7      | Identified the +5 short sword of Gin Kust {chaos, rCorr}
  5986 | D:7      | Reached XP level 10. HP: 68/68 MP: 10/10
  6553 | D:8      | Noticed Psyche
  6568 | D:8      | Killed Psyche
  6594 | D:8      | Noticed a two-headed ogre
  6608 | D:8      | Killed a two-headed ogre
  6944 | D:8      | Found a runed translucent door.
  6944 | D:8      | Noticed MrCrawl's ghost (novice DrFE)
  6983 | D:8      | Noticed Gastronok
  6983 | D:8      | Noticed Grum
  6999 | D:8      | Killed Grum
  7018 | D:8      | Killed Gastronok
  7327 | D:9      | Reached skill level 10 in Shapeshifting
  7510 | D:8      | Upgraded the game from 0.31-a0-1620-gcbf77bbcfc to
                  | 0.31-a0-1626-g5cb510d322
  7554 | D:9      | Reached XP level 11. HP: 69/75 MP: 11/11
  7646 | D:9      | Found Gotamm's Demolitions Depot.
  7815 | D:9      | Noticed a two-headed ogre
  7835 | D:9      | Noticed Maurice
  8152 | D:9      | Found a basalt altar of Yredelemnul.
  8479 | D:9      | Noticed a cyclops
  8491 | D:9      | Killed a cyclops
  8492 | D:9      | Reached skill level 1 in Stealth
  8674 | D:9      | Killed Maurice
  9052 | D:9      | Killed a two-headed ogre
  9681 | D:3      | Bought a ring of willpower for 275 gold pieces
  9696 | D:3      | Bought a garnet ring for 120 gold pieces
  9696 | D:3      | Bought a tubular diamond ring for 120 gold pieces
  9696 | D:3      | Bought a scroll of identify for 48 gold pieces
  9835 | D:10     | Entered Level 10 of the Dungeon
  9911 | D:10     | Found a shimmering blue altar of Sif Muna.
 10146 | D:10     | Found a sparkling altar of Nemelex Xobeh.
 10163 | D:10     | Found Zin's Purification Station.
 10170 | D:10     | Found a glowing silver altar of Zin.
 10466 | D:10     | Found a stormy altar of Qazlal.
 10620 | D:11     | Noticed a tengu warrior
 10649 | D:11     | Killed a tengu warrior
 10650 | D:11     | Reached skill level 1 in Ice Magic
 10650 | D:11     | Reached skill level 1 in Air Magic
 10747 | D:11     | Noticed a skeletal warrior
 10769 | D:11     | Killed a skeletal warrior
 11066 | D:11     | Noticed a boulder beetle
 11086 | D:11     | Killed a boulder beetle
 11300 | D:11     | Found a staircase to the Orcish Mines.
 11414 | D:11     | Noticed a manticore
 11515 | D:11     | Killed a manticore
 11640 | D:11     | Found a staircase to the Lair.
 11660 | D:11     | Reached XP level 12. HP: 83/83 MP: 12/12
 12122 | Lair:1   | Entered Level 1 of the Lair of Beasts
 12242 | Lair:1   | Learned a level 3 spell: Frozen Ramparts
 12314 | Lair:1   | Found the dreamshard necklace {Acrobat *Dream}
 12341 | Lair:1   | Found a transporter.
 12382 | Lair:1   | Noticed Jeremiah
 12390 | Lair:1   | Killed Jeremiah
 12391 | Lair:1   | Reached skill level 5 in Stealth
 12446 | Lair:1   | Found a transporter.
 12529 | Lair:1   | Found a one-way gate to the infinite horrors of the Abyss.
 12537 | Lair:1   | Noticed Pi314's ghost (journeyman HOFE)
 12674 | Lair:2   | Noticed Harold
 12792 | Lair:2   | Found a hole to the Spider Nest.
 12816 | Lair:2   | Reached skill level 1 in Alchemy
 12854 | Lair:2   | Noticed a seven-headed hydra
 12854 | Lair:2   | Noticed an eight-headed hydra
 12854 | Lair:2   | Found a staircase to the Swamp.
 13451 | Lair:2   | Killed Harold
 13804 | Lair:2   | Noticed Nergalle
 13819 | Lair:2   | Killed Nergalle
 14158 | Lair:2   | Killed an eight-headed hydra
 14444 | Lair:2   | Killed a seven-headed hydra
 14758 | Lair:2   | Identified the +1 robe of Skepticism {Int+5 Archmagi}
 15074 | D:3      | Bought a book of Battle for 286 gold pieces
 15113 | D:3      | Bought a +4 ring of slaying for 858 gold pieces
 15113 | D:3      | Bought a ring of protection from cold for 275 gold pieces
 15353 | Lair:3   | Reached XP level 13. HP: 90/90 MP: 13/13
 15362 | Lair:3   | Learned a level 3 spell: Ozocubu's Armour
 15765 | Lair:3   | Noticed Sonja
 15816 | Lair:3   | Killed Sonja
 16660 | Lair:3   | Reached skill level 5 in Ice Magic
 16684 | Lair:3   | Reached skill level 10 in Unarmed Combat
 16966 | Lair:4   | Reached skill level 5 in Alchemy
 17131 | Lair:4   | Reached skill level 10 in Dodging
 17158 | Lair:4   | Found a gate leading to a gauntlet.
 17183 | Gauntlet | Entered a Gauntlet
 17183 | Gauntlet | Found a transporter.
 17194 | Gauntlet | Found a transporter.
 17198 | Gauntlet | Found a transporter.
 17198 | Gauntlet | Found a transporter.
 17222 | Gauntlet | Found a transporter.
 17239 | Gauntlet | Found a transporter.
 17246 | Gauntlet | Found a transporter.
 17261 | Gauntlet | Found a transporter.
 17281 | Gauntlet | Found a transporter.
 17293 | Gauntlet | Found a transporter.
 17305 | Gauntlet | Found a transporter.
 17313 | Gauntlet | Noticed a green death
 17317 | Gauntlet | Found a transporter.
 17325 | Gauntlet | Found a large runed translucent door.
 17326 | Gauntlet | Found a large runed translucent door.
 17327 | Gauntlet | Found a large runed translucent door.
 17327 | Gauntlet | Found a large runed translucent door.
 17328 | Gauntlet | Found a runed translucent gate.
 17329 | Gauntlet | Found a transporter.
 17329 | Gauntlet | Found a runed translucent gate.
 17330 | Gauntlet | Found a runed translucent gate.
 17331 | Gauntlet | Found a large runed translucent door.
 17331 | Gauntlet | Found a large runed translucent door.
 17332 | Gauntlet | Found a large runed translucent door.
 17333 | Gauntlet | Found a large runed translucent door.
 17342 | Gauntlet | Found a large runed translucent door.
 17342 | Gauntlet | Found a large runed translucent door.
 17342 | Gauntlet | Found a runed translucent door.
 17342 | Gauntlet | Found a runed translucent door.
 17343 | Gauntlet | Found a large runed translucent door.
 17344 | Gauntlet | Found a large runed translucent door.
 17346 | Gauntlet | Found a transporter.
 17353 | Gauntlet | Found a large runed translucent door.
 17353 | Gauntlet | Found a large runed translucent door.
 17354 | Gauntlet | Found a large runed translucent door.
 17355 | Gauntlet | Found a large runed translucent door.
 17363 | Gauntlet | Found a transporter.
 17370 | Gauntlet | Found a transporter.
 17396 | Gauntlet | Found a transporter.
 17398 | Gauntlet | Found a transporter.
 17786 | Gauntlet | Identified the +3 short sword of Defiance {drain, *Rage
                  | *Corrode Dex+8 Stlth+}
 17837 | Gauntlet | Reached XP level 14. HP: 53/98 MP: 14/14
 17848 | Gauntlet | Identified the ring of Sif Muna's Reproof {AC+4 Str+2}
 18030 | Gauntlet | Identified the +8 trident of Ysufojon {drain, Str-5 Dex+6}
 18030 | Gauntlet | Identified the ring "Kideheca" {rF- Str+4 Int+6 Dex+3}
 18141 | Lair:4   | Noticed Kirke
 18156 | Lair:4   | Reached skill level 10 in Fighting
 18161 | Lair:4   | Killed Kirke
 19192 | Lair:4   | Found a viscous altar of Jiyva.
 19194 | Lair:4   | Found a staircase to the Slime Pits.
 19470 | Lair:5   | Entered Level 5 of the Lair of Beasts
 19726 | Lair:5   | Found a frozen archway.
 19813 | IceCv    | Entered an ice cave
 19958 | IceCv    | Reached skill level 10 in Stealth
 20222 | IceCv    | Identified the ring of the Firefly {^Drain rF+ MP+9 Str+2}
 20223 | IceCv    | Identified a scroll of acquirement
 20232 | IceCv    | Acquired a manual of Unarmed Combat
 20597 | IceCv    | Reached XP level 15. HP: 105/105 MP: 15/15
 21609 | Lair:5   | Learned a level 4 spell: Leda's Liquefaction
 22290 | Lair:5   | Found a blossoming altar of Fedhas.
 22878 | Orc:1    | Entered Level 1 of the Orcish Mines
 23322 | Orc:2    | Entered Level 2 of the Orcish Mines
 23409 | Orc:2    | Found a runed translucent gate.
 23409 | Orc:2    | Found a runed translucent gate.
 23444 | Orc:2    | Found a runed translucent gate.
 23499 | Orc:2    | Found Archocett's Overcharged Wands.
 23507 | Orc:2    | Bought a wand of digging (11) for 693 gold pieces
 23955 | Orc:2    | Found a staircase to the Elven Halls.
 24111 | Orc:2    | Noticed an orc warlord
 24786 | Orc:2    | Killed an orc warlord
 24846 | Orc:2    | Noticed Gonzollydolly's ghost (journeyman DsNe)
 25103 | Orc:2    | Found Jogenall's General Store.
 25104 | Orc:2    | Found Ilukah's Book Shoppe.
 25106 | Orc:2    | Found Igudu's Antique Armour Shoppe.
 25106 | Orc:2    | Found Xynelik's Antique Weapon Emporium.
 25259 | Orc:2    | Killed Gonzollydolly's ghost
 25260 | Orc:2    | Reached XP level 16. HP: 94/114 MP: 14/16
 25755 | Lair:1   | Killed Pi314's ghost
 26034 | Spider:1 | Entered Level 1 of the Spider Nest
 26469 | Spider:1 | Identified the +1 short sword of Spite {speed, rElec
                  | Stlth+}
 26725 | Spider:1 | Noticed Nikola
 26834 | Spider:1 | Found a runed translucent door.
 26835 | Spider:1 | Noticed Hun Mipn's ghost (adept DERe)
 26835 | Spider:1 | Found the +2 cloak of the Thief {*Fog Slay-2 SInv Stlth+}
 27744 | Spider:2 | Noticed Jorgrun
 27777 | Spider:2 | Saved by the dreamshard amulet
 28115 | Spider:2 | Reached skill level 15 in Shapeshifting
 28137 | Spider:2 | Killed Jorgrun
 30631 | Spider:3 | Reached skill level 10 in Alchemy
 30635 | Spider:3 | Identified the serpent talisman of Lesser Demons {rF- Will+
                  | Int+2}
 30635 | Spider:3 | Noticed Aizul
 31160 | Spider:3 | Reached XP level 17. HP: 121/121 MP: 17/17
 31711 | Spider:3 | Killed Aizul
 32151 | Spider:3 | Learned a level 6 spell: Eringya's Noxious Bog
 32325 | Spider:4 | Entered Level 4 of the Spider Nest
 32365 | Spider:4 | Found a transporter.
 32374 | Spider:4 | Reached skill level 15 in Unarmed Combat
 32384 | Spider:4 | Noticed Arachne
 33097 | Spider:4 | Killed Arachne
 33611 | Spider:4 | Noticed jt's ghost (journeyman MiAl)
 33630 | Spider:4 | Found a transporter.
 33857 | Spider:4 | Reached skill level 1 in Spellcasting
 35906 | Spider:4 | Identified the scarf of Summertime {shadows, Int+4}
 35932 | Spider:4 | Got a gossamer rune of Zot
 36098 | Swamp:1  | Entered Level 1 of the Swamp
 36098 | Swamp:1  | Noticed Roxanne
 36116 | Swamp:1  | Killed Roxanne
 36461 | Swamp:1  | Reached XP level 18. HP: 130/130 MP: 22/22
 36480 | Swamp:1  | Noticed Mlioglotl
 36493 | Swamp:1  | Killed Mlioglotl
 37120 | Swamp:2  | Reached skill level 1 in Translocations
 37764 | Swamp:3  | Paralysed by a fenstrider witch for 2 turns
 38358 | Swamp:4  | Entered Level 4 of the Swamp
 38479 | Swamp:4  | HP: 7/170 [thorn hunter/volley of thorns (40)]
 38479 | Swamp:4  | Slain by an eight-headed hydra

Illustrated notes

Levels and vault maps discovered:
D:1:      heliophobic_arrival_dark_side_of_the_moon, layout_basic,
          shapermc_ecumenical_altar_acropolis
D:2:      layout_basic, uniq_sigmund, uniq_terence
D:3:      layout_loops_ring, evilmike_ruin_ashenzari, serial_shops,
          nicolae_shop_tiny_real_fake_doors, nicolae_shop_waterfront,
          nicolae_shop_tiny_statue_garden, shop, shop
D:4:      layout_cave_pools, gammafunk_temple_overflow_claw, minmay_pentangle
D:5:      layout_layer_cave, ebering_ghost_sewer_d, uniq_edmund
D:6:      layout_loops_ring, minmay_temple_entry_statues_pillars, serial_bayou,
          serial_bayou_shore_a, serial_bayou_pond_a, serial_bayou_pond_b,
          serial_bayou_pond_a, serial_bayou_lagoon_a, serial_bayou_pond_a,
          grunt_ministairs_14, uniq_menkaure
D:7:      due_chaos_kobolds, layout_basic, mainiacjoe_overflow_tiny_flanked,
          kennysheep_diamond, roadster_capsule_ark_zombie, uniq_duvessa
D:8:      layout_cave_pools, gammafunk_ghost_grave, uniq_gastronok, uniq_grum,
          uniq_psyche
D:9:      kennysheep_blocky_room, layout_rooms, lemuel_round_altar,
          nicolae_blasting_shop, minmay_misc_feat_tower, nicolae_eternal_life,
          chequers_arboretum, st_stairs_11, uniq_maurice
D:10:     layout_loops_ring, zin_purify, nicolae_qazlal_scattered_showers,
          nemelex_xobeh_ov_fountains_minmay, mainiacjoe_overflow_boulevard,
          minivault_22, minivault_22, nicolae_fountain_basement
D:11:     minmay_diamond_stairs, layout_gridville, dpeg_oklobed_lair,
          david_orc_3, hangedman_decor_diamond_cutter
Temple:   hellmonk_temple_flake
Lair:1:   layout_roguey, gammafunk_ghost_abyssal_escape, uniq_jeremiah
Lair:2:   layout_cave_pods, palyth_hydra_swamp_entry, dummy_spider_entry,
          uniq_harold, uniq_nergalle
Lair:3:   layout_long_grid, uniq_sonja
Lair:4:   layout_small_grid, minmay_slime_entry_oklob_enclosed,
          gauntlet_entry_generic, grunt_megastairs_5, uniq_kirke
Lair:5:   minmay_lair_end_enchanted_forest, layout_loops_ring,
          portal_ice_cave_rime, tgw_fedhas
Swamp:1:  nicolae_swamp_wrong_neighborhood, layout_basic_swamp,
          nicolae_swamp_ascending_descending, uniq_roxanne, uniq_mlioglotl
Swamp:2:  layout_basic_swamp, evilmike_swamp_ruin_rubble_2,
          nicolae_swamp_decorative_isthmus
Swamp:3:  layout_falls_marsh, evilmike_swamp_ruin_house_1
Swamp:4:  nzn_swamp_witches_coven, layout_basic_swamp, swamp_pool_1_2,
          grunt_hermit_hut, nicolae_swamp_long_stream, uniq_bai_suzhen
Spider:1: layout_chambers, ebering_ghost_inner_flame,
          hangedman_spider_tarantella_strand, uniq_nikola
Spider:2: layout_cave_pods, uniq_jorgrun
Spider:3: layout_spider_delve, uniq_aizul
Spider:4: spider_rune_water, gammafunk_ghost_mausoleum, hellmonk_spider_spawner,
          uniq_arachne
Orc:1:    layout_diamond_mine
Orc:2:    st_orc_congregation, layout_caves, gammafunk_ghost_necromancy,
          nicolae_orc_crystal_seam, nicolae_shop_overcharged_wands

Skill      XL: |  1  2  3  4  5  6  7  8  9 10 11 12 13 14 15 16 17 18 |
---------------+-------------------------------------------------------+-----
Fighting       | 2 3 4 6 7 8 9 10 11 12 13 14 | 14.1
Dodging        | 3 4 5 6 7 8 9 10 11 12 13 | 13.4
Shapeshifting  | 4 5 7 8 10 11 12 13 14 15 16 | 16.5
Unarmed Combat | 4 5 6 7 8 9 10 11 13 14 16 | 16.4
Stealth        | 4 6 8 10 | 10.0
Ice Magic      | 2 4 5 6 8 |  8.1
Air Magic      | 2 3 |  3.0
Alchemy        | 3 5 6 8 10 11 | 11.2
Spellcasting   | 2 4 |  4.1
Translocations | 2 |  2.5

Action                     |  1- 3 |  4- 6 |  7- 9 | 10-12 | 13-15 | 16-18 || total
---------------------------+-------+-------+-------+-------+-------+-------++-------
  Melee: Unarmed           |    57 |    76 |   335 |   500 |  1255 |   917 ||  3140
         Constrict         |    15 |    16 |    73 |   107 |   246 |   177 ||   634
         Tentacles         |    11 |    18 |   102 |    75 |       |    35 ||   241
         Punch             |       |     2 |     4 |    11 |       |    20 ||    37
  Throw: Dart              |       |       |       |       |       |     1 ||     1
   Cast: Frozen Ramparts   |       |       |       |     3 |    16 |     2 ||    21
         Ozocubu's Armour  |       |       |       |       |    38 |    34 ||    72
         Leda's Liquefacti |       |       |       |       |     5 |     3 ||     8
         Eringya's Noxious |       |       |       |       |       |    33 ||    33
 Invoke: Potion Petition   |       |       |       |       |     1 |     5 ||     6
  Evoke: Wand              |       |       |     1 |     7 |       |     8 ||    16
         Phantom mirror    |       |       |       |     1 |     1 |     1 ||     3
         Tin of tremorston |       |       |       |       |     2 |       ||     2
         Phial of floods   |       |       |       |       |       |     1 ||     1
    Use: Scroll            |       |       |    12 |    11 |     8 |     9 ||    40
         Potion            |       |       |     4 |     2 |     1 |     7 ||    14
   Stab: Sleeping          |     7 |     2 |     7 |     6 |     6 |    13 ||    41
         Distracted        |       |       |     4 |     4 |    16 |    16 ||    40
         Invisible         |       |       |       |       |       |     9 ||     9
 Armour: Skin              |    13 |    22 |    95 |   222 |   531 |   670 ||  1553
  Dodge: Dodged            |    30 |    33 |   291 |   438 |   963 |  1032 ||  2787
   Form: Flux              |       |       |     1 |       |       |       ||     1
         Blade             |       |       |       |     1 |       |       ||     1
         Serpent           |       |       |       |     1 |       |       ||     1
         Statue            |       |       |       |       |       |     1 ||     1

Table legend: (Time is in decaauts)
 A = Elapsed time spent in this place.
 B = Non-inter-level travel time spent in this place.
 C = Inter-level travel time spent in this place.
 D = Time resting spent in this place.
 E = Time spent auto-exploring this place.
 F = Levels seen in this place.
 G = Mean time per level.
                   A        B        C        D        E       F      G
               +--------+--------+--------+--------+--------+-----+--------+
         Total |  39422 |  37177 |   2245 |   2718 |  26250 |  29 | 1359.4 |
       Dungeon |  12452 |  11272 |   1180 |   1026 |   8295 |  11 | 1132.0 |
        Temple |     22 |      2 |     20 |      0 |      0 |   1 |   22.0 |
          Lair |   8599 |   8126 |    473 |     50 |   5809 |   5 | 1719.8 |
         Swamp |   3909 |   3731 |    178 |      0 |   2862 |   4 |  977.2 |
   Spider Nest |   9870 |   9563 |    307 |   1022 |   6748 |   4 | 2467.5 |
  Orcish Mines |   2614 |   2530 |     84 |    620 |   1224 |   2 | 1307.0 |
      Ice Cave |   1031 |   1031 |      0 |      0 |    687 |   1 | 1031.0 |
      Gauntlet |    921 |    921 |      0 |      0 |    624 |   1 |  921.0 |
               +--------+--------+--------+--------+--------+-----+--------+

Top non-repeatable levels by time:
Spider:4: 3016 daAuts
Spider:3: 2987 daAuts
  Lair:2: 2276 daAuts
Spider:2: 2275 daAuts
  Lair:5: 2152 daAuts
     D:9: 1831 daAuts
    D:11: 1688 daAuts
  Lair:4: 1658 daAuts
Spider:1: 1591 daAuts
  Lair:3: 1395 daAuts
   Orc:2: 1358 daAuts
     D:8: 1351 daAuts
 Swamp:3: 1343 daAuts
     D:6: 1300 daAuts
 Swamp:1: 1298 daAuts
